 Dungeon Crawl Stone Soup version 0.30.0-3-ga4e48a9924 (webtiles) character file.

Game seed: 18069628762740143454

5518 Irreverend the Thaumaturge (level 10, -2/50 HPs)
             Began as a Deep Elf Conjurer on May 7, 2023.
             Was an Initiate of Vehumet.
             Shot with an arrow by a centaur (12 damage)
             ... on level 9 of the Dungeon.
             The game lasted 00:33:57 (10765 turns).

Irreverend the Thaumaturge (Deep Elf Conjurer)     Turns: 10765, Time: 00:33:58

Health: -2/50      AC:  2    Str:  4    XL:     10   Next: 43%
Magic:  16/28      EV: 12    Int: 28    God:    Vehumet [......]
Gold:   571        SH:  0    Dex: 13    Spells: 24/34 levels left

rFire   . . .        D - staff of conjuration
rCold   . . .        (no shield)
rNeg    . . .        a - +0 robe
rPois   .            (no helmet)
rElec   .            (no cloak)
rCorr   .            (no gloves)
SInv    +            (no boots)
Will    ++...        (no amulet)
Stlth   ++           k - ring of see invisible
HPRegen 0.28/turn    u - ring of willpower
MPRegen 0.21/turn

%: no passive effects
@: no status effects
A: no striking features
a: Renounce Religion


You were on level 9 of the Dungeon.
You worshipped Vehumet.
Vehumet was noncommittal.
You visited 2 branches of the dungeon, and saw 10 of its levels.

You collected 571 gold pieces.

Inventory:

Missiles
 w - a throwing net
Armour
 a - a +0 robe (worn)
Magical Staves
 D - a staff of conjuration (weapon)
Jewellery
 k - a ring of see invisible (left hand)
 u - a ring of willpower (right hand)
 x - a ring of protection from fire
 y - a +4 ring of slaying
 F - a +5 ring of evasion
 H - a +5 ring of evasion
Wands
 z - a wand of mindburst (8)
 C - a wand of flame (64)
 I - a wand of charming (9)
Scrolls
 e - 3 scrolls of teleportation
 g - 4 scrolls of poison
 h - 3 scrolls of enchant armour {unknown}
 i - 2 scrolls of enchant weapon {unknown}
 l - 3 scrolls of vulnerability {unknown}
 m - a scroll of summoning {unknown}
 o - 2 scrolls of fog {unknown}
 r - 4 scrolls of immolation {unknown}
 s - a scroll of torment {unknown}
 t - a scroll of acquirement {unknown}
 v - 2 scrolls of blinking {unknown}
 A - 3 scrolls of amnesia {unknown}
 E - 2 scrolls of noise {unknown}
 G - 4 scrolls of identify
Potions
 b - 3 potions of magic
 c - a potion of haste {unknown}
 d - a potion of brilliance
 f - 4 potions of heal wounds
 j - a potion of degeneration
 n - a potion of attraction
 p - a potion of ambrosia
 q - 2 potions of might
 B - a potion of curing {unknown}
 J - a potion of flight {unknown}


   Skills:
 + Level 5.9 Staves
 - Level 2.4 Dodging
 - Level 2.4 Stealth
 + Level 12.6 Spellcasting
 + Level 11.9 Conjurations
 - Level 5.0 Hexes


You had 24 spell levels left.
You knew the following spells:

 Your Spells              Type           Power      Damage    Failure   Level
a - Magic Dart            Conj           100%       1d8       1%          1
b - Searing Ray           Conj           100%       2d8       1%          2
c - Fulminant Prism       Conj/Hex       39%        3d18      1%          4
d - Tukima's Dance        Hex            45%        N/A       1%          3

Your spell library contained the following spells:

 Spells                   Type           Power      Damage    Failure   Level
 Dazzling Flash           Conj/Hex       100%       N/A       1%          3
 Flame Wave               Conj/Fire      66%        2d15      2%          4
 Iskenderun's Mystic Bla  Conj/Tloc      66%        2d14      2%          4
 Sticky Flame             Conj/Fire      66%        2d8       2%          4
 Inner Flame              Hex/Fire       31%        N/A       3%          3
 Volatile Blastmotes      Fire/Tloc      34%        2d12      10%         3
 Passage of Golubria      Tloc           17%        N/A       30%         4
 Yara's Violent Unravell  Hex/Tmut       15%        3d8       30%         5
 Starburst                Conj/Fire      33%        6d10      38%         6


Dungeon Overview and Level Annotations

Branches:
Dungeon (9/15)             Temple (1/1) D:5            Lair (0/5) D:9
    Orc: D:9-12

Altars:
Ashenzari
Cheibriados
Dithmenos
Elyvilon
Fedhas
Gozag
Hepliaklqana
Kikubaaqudgha
Makhleb
Nemelex Xobeh
Okawaru
Qazlal
Ru
Sif Muna
Trog
Uskayaw
Vehumet
Wu Jian
Xom
Yredelemnul
Zin
The Shining One

Shops:
D:2 *   D:3 (   D:5 ?   D:8 =

Annotations:
D:4 3 runed translucent doors, geeko55's ghost, amateur AtFi


Message History

A centaur comes into view.
Your fulminant prism crackles loudly.
The death yak gores your fulminant prism.
Your fulminant prism explodes!
The blast of energy engulfs the death yak!!
You kill the death yak!
Vehumet accepts your kill.
The blast of energy engulfs the death yak!!!
You kill the death yak!
Vehumet accepts your kill.
Casting: Fulminant Prism (dangerous; 1% risk of failure)
Confirm with . or Enter, or press ? or * to list all spells.
Aiming: Tukima's Dance (safe; 1% risk of failure)
Press: ? - help, Shift-Dir - straight line, f - centaur
Aim: a centaur (not susceptible)
The centaur's hands twitch.
The centaur wields a +0 shortbow.
The centaur shoots an arrow.
The arrow hits you!
Casting: Tukima's Dance (safe; 1% risk of failure)
Confirm with . or Enter, or press ? or * to list all spells.
Aiming: Tukima's Dance (safe; 1% risk of failure)
Press: ? - help, Shift-Dir - straight line, f/p - centaur
Aim: a centaur, wielding a +0 shortbow (chance to affect: 69%)
The centaur struggles to resist.
The centaur shoots an arrow.
The arrow hits you!
Casting: Tukima's Dance (safe; 1% risk of failure)
Confirm with . or Enter, or press ? or * to list all spells.
Aiming: Tukima's Dance (safe; 1% risk of failure)
Press: ? - help, Shift-Dir - straight line, f/p - centaur
Aim: a centaur, wielding a +0 shortbow (chance to affect: 69%)
The centaur struggles to resist.
The centaur shoots an arrow.
The arrow hits you!
* * * LOW HITPOINT WARNING * * *
Casting: Tukima's Dance (safe; 1% risk of failure)
Confirm with . or Enter, or press ? or * to list all spells.
Aiming: Tukima's Dance (safe; 1% risk of failure)
Press: ? - help, Shift-Dir - straight line, f/p - centaur
Aim: a centaur, wielding a +0 shortbow (chance to affect: 69%)
The centaur struggles to resist.
The centaur shoots an arrow.
The arrow hits you!
You die...

................... #.#
...........#########+##.#
))###.#.######..........# #/
#.#.# #............# #.
#.#.####............#
#.###...................#
......................†.#
.#..#.#.######..........#
......)..Yc.....@..#.##.# #####
.####+#.######.##.)#.##.#####....
. ...............)............
..........#.##..#.............
#..........#.##..#######.##.##.
#..........#.##..# #.......##.
............#.##..####.##.##.##.
.......######...................
#.##..####.##..#.###


You could see a death yak and a centaur.

Vanquished Creatures
  2 death yaks (D:9)
  Joseph (D:9)
  A dancing weapon (D:9)
  A troll (D:7)
  Sigmund (D:5)
  A wyvern (D:7)
  2 humans (D:7)
  A steam dragon (D:8)
  A water moccasin (D:8)
  3 orc warriors
  3 sky beasts
  2 ice beasts
  4 black bears
  3 ogres
  A bullfrog (D:8)
  Blork the orc (D:5)
  4 scorpions
  4 wights (D:6)
  4 hounds
  3 jellies
  2 orc priests
  3 iguanas
  Ijyb (D:5)
  A hell rat (D:9)
  9 orc wizards
  9 gnolls
  12 adders
  2 river rats (D:9)
  2 shadow imps (D:5)
  A white imp (D:6)
  3 worms
  4 dart slugs
  30 orcs
  8 ball pythons
  2 endoplasms (D:3)
  7 giant cockroaches
  8 goblins
  12 hobgoblins
  4 jackals (D:1)
  10 quokkas
  3 bats
  2 frilled lizards (D:2)
  6 kobolds
  3 rats
187 creatures vanquished.

Vanquished Creatures (collateral kills)
  A centaur (D:6)
  An orc wizard (D:9)
2 creatures vanquished.

Vanquished Creatures (others)
  2 dancing weapons
  86 fulminant prisms
  2 plants (D:2)
90 creatures vanquished.

Grand Total: 279 creatures vanquished

Notes
Turn   | Place    | Note
-------+----------+-------------------------------------------
     0 | D:1      | Irreverend the Deep Elf Conjurer began the quest for the
                  | Orb.
     0 | D:1      | Reached XP level 1. HP: 10/10 MP: 6/6
   112 | D:1      | Reached XP level 2. HP: 15/15 MP: 3/8
   334 | D:1      | Learned a level 2 spell: Searing Ray
   512 | D:1      | Reached skill level 4 in Spellcasting
   681 | D:1      | Reached skill level 5 in Conjurations
   681 | D:1      | Reached XP level 3. HP: 19/19 MP: 6/10
  1163 | D:2      | Found a faded altar of an unknown god.
  1484 | D:2      | Found Tuntac's General Store.
  1785 | D:3      | Found a bloodstained altar of Trog.
  2105 | D:3      | Noticed an ogre
  2110 | D:3      | Killed an ogre
  2111 | D:3      | Reached skill level 5 in Spellcasting
  2111 | D:3      | Reached XP level 4. HP: 24/24 MP: 4/13
  2195 | D:3      | Reached XP level 5. HP: 28/28 MP: 10/14
  2200 | D:3      | Learned a level 4 spell: Fulminant Prism
  2357 | D:3      | Reached skill level 1 in Hexes
  3014 | D:3      | Found a sparkling altar of Nemelex Xobeh.
  3092 | D:3      | Reached skill level 6 in Spellcasting
  3140 | D:3      | Found Rekon's Weapon Boutique.
  3467 | D:4      | Reached XP level 6. HP: 32/32 MP: 10/17
  3859 | D:4      | Found a runed translucent gate.
  3859 | D:4      | Noticed a two-headed ogre
  3860 | D:4      | Found a runed translucent gate.
  3860 | D:4      | Found a runed translucent gate.
  3860 | D:4      | Noticed geeko55's ghost (amateur AtFi)
  4296 | D:5      | Entered Level 5 of the Dungeon
  4497 | D:5      | Noticed Blork the orc
  4510 | D:5      | Killed Blork the orc
  4514 | D:5      | Reached XP level 7. HP: 36/36 MP: 0/19
  4550 | D:5      | Reached skill level 7 in Spellcasting
  4606 | D:5      | Noticed Ijyb
  4621 | D:5      | Killed Ijyb
  4777 | D:5      | Found a staircase to the Ecumenical Temple.
  4798 | D:5      | Noticed Sigmund
  4824 | Temple   | Entered the Ecumenical Temple
  4959 | D:5      | Killed Sigmund
  4960 | D:5      | Reached skill level 5 in Hexes
  5083 | D:5      | Found Osoe's Magic Scroll Shoppe.
  5148 | D:5      | Found a hazy altar of Hepliaklqana.
  5358 | D:5      | Reached skill level 8 in Spellcasting
  5477 | D:5      | Reached XP level 8. HP: 41/41 MP: 11/22
  6273 | D:6      | Reached skill level 9 in Spellcasting
  6313 | D:6      | Learned a level 3 spell: Tukima's Dance
  6451 | D:6      | Found a radiant altar of Vehumet.
  7035 | D:6      | Found a shadowy altar of Dithmenos.
  7045 | D:6      | Found a snail-covered altar of Cheibriados.
  7065 | D:6      | Reached skill level 10 in Conjurations
  7206 | D:6      | Reached skill level 10 in Spellcasting
  7206 | D:6      | Reached XP level 9. HP: 45/45 MP: 14/25
  7308 | D:6      | Reached skill level 1 in Staves
  8021 | D:7      | Found an iron altar of Okawaru.
  8035 | D:7      | Reached skill level 11 in Spellcasting
  8191 | D:7      | Found a white marble altar of Elyvilon.
  8435 | D:7      | Noticed a troll
  8444 | D:7      | Killed a troll
  9158 | D:8      | Found an opulent altar of Gozag.
  9236 | D:6      | Became a worshipper of Vehumet
  9282 | D:8      | Found a sacrificial altar of Ru.
  9571 | D:8      | Found Owaheic's Jewellery Boutique.
 10241 | D:9      | Found a hide-covered altar of Uskayaw.
 10327 | D:9      | Found a burning altar of Makhleb.
 10328 | D:9      | Found a blossoming altar of Fedhas.
 10361 | D:9      | Reached XP level 10. HP: 43/50 MP: 17/27
 10505 | D:9      | Noticed Joseph
 10539 | D:9      | Killed Joseph
 10540 | D:9      | Reached skill level 5 in Staves
 10540 | D:9      | Reached skill level 12 in Spellcasting
 10734 | D:9      | Found a staircase to the Lair.
 10736 | D:9      | Noticed a death yak
 10742 | D:9      | Noticed a death yak
 10747 | D:9      | Noticed a death yak
 10761 | D:9      | Killed a death yak
 10761 | D:9      | Killed a death yak
 10765 | D:9      | Shot with an arrow by a centaur

Illustrated notes

Levels and vault maps discovered:
D:1:      tarquinn_simple_flora_water_e, layout_basic, minmay_misc_feat_plants,
          minmay_tall_x
D:2:      layout_basic, serial_shops, shop, dilly_ecumenical_altar_fadedgnrine
D:3:      minmay_inner_zag, layout_loops_corners, mainiacjoe_overflow_alcove_1,
          nemelex_diamond_rough_becter, serial_shops,
          nicolae_shop_bloodbath_and_beyond, kennysheep_generic_room_4
D:4:      layout_gridville, gammafunk_ghost_split, serial_bayou_pond_b
D:5:      minmay_recursive_quarters, layout_basic, kennysheep_mini_moat,
          minmay_temple_entry_statues_fountains, serial_shops,
          nicolae_shop_peninsula, uniq_blork_the_orc, uniq_ijyb, uniq_sigmund
D:6:      layout_loops_ring, nicolae_vehumet_radiance,
          amethyst_overflow_temple_binary, gup_sewer_entry_pipe,
          kennysheep_generic_room_7
D:7:      layout_basic, okawaru_humans, elyvilon_altar_5
D:8:      layout_basic, kennysheep_little_box, nicolae_ru_the_path_less_chosen,
          serial_shops, shop
D:9:      layout_basic, jmf_multi_god_temple,
          mainiacjoe_overflow_small_starburst, dpeg_lair_monsters, uniq_joseph
Temple:   compressed_dpeg_triangle_lava_temple

Skill      XL: |  1  2  3  4  5  6  7  8  9 10 |
---------------+-------------------------------+-----
Spellcasting   | 4 5 6 8 10 11 12 | 12.6
Conjurations   | 5 6 8 10 11 | 11.9
Hexes          | 2 3 5 |  5.0
Staves         | 4 5 |  5.9
Dodging        | |  2.4
Stealth        | |  2.4

Action                     |  1- 3 |  4- 6 |  7- 9 | 10-12 || total
---------------------------+-------+-------+-------+-------++-------
   Cast: Magic Dart        |    49 |    52 |    58 |    10 ||   169
         Searing Ray       |    14 |    14 |    33 |     2 ||    63
         Fulminant Prism   |       |    14 |    56 |    16 ||    86
         Tukima's Dance    |       |       |     7 |     8 ||    15
  Evoke: Wand              |       |       |     5 |       ||     5
    Use: Scroll            |       |       |     8 |       ||     8
         Potion            |       |       |     1 |     2 ||     3
 Armour: Robe              |     1 |     1 |     4 |       ||     6
  Dodge: Dodged            |     1 |     6 |    47 |       ||    54
